 Dungeon Crawl Stone Soup version 0.29-a0-925-g0a7a3d12f8 (webtiles) character file.

Game seed: 10015977366015841553

74618 zeratav the Thaumaturge (level 15, -9/113 HPs)
             Began as a Djinni Conjurer on July 28, 2022.
             Was an Initiate of Jiyva.
             Killed from afar by Azrael (29 damage)
             ... with damnation
             ... on level 2 of the Orcish Mines.
             The game lasted 01:09:41 (17954 turns).

zeratav the Thaumaturge (Djinni Conjurer)          Turns: 17954, Time: 01:09:41

Health: -9/113     AC: 16    Str:  6    XL:     15   Next: 95%
Gold:   1920       EV: 17    Int: 26    God:    Jiyva [......] SH:  0 Dex: 13

rFire   + + .      SeeInvis .   U - +4 demon whip (venom) {mace}
rCold   . . .      Faith    .   (no shield)
rNeg    . . .      Spirit   .   n - +1 troll leather armour
rPois   ∞          Reflect  .   G - +2 helmet
rElec   .          Harm     .   (no cloak)
rCorr   .          Rampage  .   C - +0 pair of gloves
Will    +....                   (boots unavailable)
Stlth   +++.......              i - amulet of regeneration
HPRegen 1.88/turn               e - +4 ring of protection
MPRegen 0.00/turn               x - ring of protection from cold

@: flying
A: sickness immunity, fire resistance 2, cold vulnerability 1, float, innate
caster, HP casting, extra vitality 1, iridescent scales 1, devolution 1
a: Renounce Religion


You were on level 2 of the Orcish Mines.
You worshipped Jiyva.
Jiyva was noncommittal.
You visited 5 branches of the dungeon, and saw 26 of its levels.

You collected 1920 gold pieces.


Innate Abilities, Weirdness & Mutations

You are immune to sickness and miasma.
You are immune to poison.
Your flesh is very heat resistant. (rF++)
You are vulnerable to cold. (rC-)
You float through the air rather than walking.
You learn spells naturally, not from books.
Your magical power is your life essence.
You have superior vitality. (+4 MHP)
You are partially covered in iridescent scales. (AC +2)
You have hidden genetic defects.


   Skills:
 + Level 12.9 Fighting
 + Level 7.2 Armour
 + Level 13.1 Dodging
 + Level 6.7 Stealth
 * Level 14.6 Spellcasting


You had 5 spell levels left.
You knew the following spells:

 Your Spells              Type           Power      Damage    Failure   Level
a - Magic Dart            Conj           100%       1d8       0%          1
b - Searing Ray           Conj           100%       2d8       0%          2
c - Iskenderun's Battles  Conj           76%        2d12      1%          5
d - Fulminant Prism       Conj/Hex       38%        3d18      1%          4
e - Ozocubu's Armour      Ice            76%        N/A       1%          3
f - Apportation           Tloc           100%       N/A       0%          1
g - Iskenderun's Mystic   Conj/Tloc      76%        2d15      1%          4
h - Dispersal             Tloc           38%        N/A       1%          6
i - Ensorcelled Hibernat  Hex/Ice        100%       N/A       0%          2
j - Anguish               Hex/Necr       38%        N/A       1%          4
k - Dazzling Flash        Conj/Hex       100%       N/A       1%          3
l - Spider Form           Tmut/Pois      76%        N/A       1%          3
Your spell library was empty.

Inventory:

Hand Weapons
 J - a +6 dagger {short}
   (You took it off an orc wizard on level 9 of the Dungeon)
 U - a +4 demon whip of venom (weapon) {mace}
   (You took it off Amaemon on level 3 of the Lair of Beasts)
Armour
 b - a +0 cloak
   (You found it on level 11 of the Dungeon)
 k - a +0 chain mail
   (You found it on level 10 of the Dungeon)
 n - a +1 troll leather armour (worn)
   (You found it on level 11 of the Dungeon)
 v - an orb of light
   (You found it on level 10 of the Dungeon)
 C - a +0 pair of gloves (worn)
   (You found it on level 7 of the Dungeon)
 G - a +2 helmet (worn)
   (You found it on level 8 of the Dungeon)
 M - +0 acid dragon scales
   (You found it on level 10 of the Dungeon)
 W - a +2 robe
   (You took it off an orc sorcerer on level 1 of the Orcish Mines)
Jewellery
 e - a +4 ring of protection (left hand)
   (You found it on level 1 of the Dungeon)
 g - a +4 ring of protection
   (You found it on level 4 of the Lair of Beasts)
 h - a +6 ring of dexterity
   (You found it on level 3 of the Dungeon)
 i - an amulet of regeneration (around neck)
   (You found it on level 2 of the Dungeon)
 o - a ring of resist corrosion
   (You found it on level 4 of the Dungeon)
 x - a ring of protection from cold (right hand)
   (You took it off an orc on level 7 of the Dungeon)
 L - a ring of positive energy
   (You found it on level 9 of the Dungeon)
 N - a +4 ring of protection
   (You found it on level 11 of the Dungeon)
 P - a ring of protection from cold
   (You found it on level 1 of the Lair of Beasts)
 T - a +6 ring of dexterity
   (You found it on level 4 of the Lair of Beasts)
Wands
 a - a wand of polymorph (8)
   (You found it on level 7 of the Dungeon)
 p - a wand of roots (30)
   (You found it on level 4 of the Dungeon)
 w - a wand of mindburst (46)
   (You found it on level 6 of the Dungeon)
 A - a wand of flame (21)
   (You found it on level 11 of the Dungeon)
 E - a wand of quicksilver (5)
   (You found it on level 8 of the Dungeon)
 S - a wand of charming (14)
   (You found it on level 1 of the Lair of Beasts)
Scrolls
 d - 8 scrolls of poison
 f - 3 scrolls of summoning
 l - a scroll of silence {!r}
 m - 4 scrolls of butterflies
 r - 3 scrolls of fear
 u - a scroll of enchant weapon
 y - a scroll of magic mapping {!r}
 z - a scroll of blinking {!r}
 B - a scroll of vulnerability {!r!r}
 D - a scroll of immolation {!r!r}
 H - 7 scrolls of enchant armour
 Q - a scroll of torment {!r}
Potions
 c - a potion of haste {@q3}
 j - 10 potions of curing {@q1}
 q - 4 potions of brilliance
 s - 2 potions of mutation {!q}
 t - 2 potions of invisibility
 F - 3 potions of heal wounds {@q2}
 I - 8 potions of ambrosia
 K - 3 potions of attraction {unknown}
 O - 2 potions of berserk rage {unknown}
 R - 2 potions of might {unknown}
 V - a potion of resistance {unknown}

Dungeon Overview and Level Annotations

Branches:
Dungeon (14/15) Zot: 26516  Temple (1/1) D:4 Zot: 5699    Lair (5/5) D:11 Zot: 24227
 Shoals (0/4) Lair:3       Spider (0/4) Lair:3        Slime (4/5) Lair:5 Zot: 22577
    Orc (2/2) D:9 Zot: 11632
    Elf: Orc:2       Vaults: D:13-14

Altars:
Ashenzari
Cheibriados
Dithmenos
Elyvilon
Fedhas
Gozag
Hepliaklqana
Makhleb
Nemelex Xobeh
Okawaru
Qazlal
Ru
Trog
Uskayaw
Wu Jian
Xom
Yredelemnul
Zin
The Shining One
Jiyva
Lugonu

Shops:
D:10 :*   D:11 =

Portals:
Abyss: Lair:5

Annotations:
D:3 2 transporters, xian's ghost, amateur DjGl
D:5 exclusion: orc wizard, Edmund; Ijyb
D:8 Maurice
Orc:2 Azrael; Saint Roka

...# ##...#
##....## #
#.....o#.#
####..*.....#
#.....o)R...#
##....†○○oo).
#....@.#
#.......##
###...)##
#..... ###...
#... ##.$ ##.


You could see Saint Roka, Azrael, an orc knight (strong), 2 orc warriors and a
friendly fulminant prism.


Message History

Saint Roka is knocked back by the mystic blast.
* * * LOW HITPOINT WARNING * * *
Your battlesphere fires!
The barrage of energy hits the orc warrior!
Your battlesphere expends the last of its energy and dissipates.
Azrael the Boundless Flame comes into view.
He is wielding a +0 scimitar of flaming.
A hell hound comes into view.
Saint Roka roars a battlecry!
Your fulminant prism crackles loudly.
HP[-2]
You take 2 damage, and now have 53/113 hp.
The fire elemental hits your fulminant prism.
The fire elemental burns your fulminant prism!
Your fulminant prism resists.
You hear a grinding noise.
The blast of energy engulfs the orc!!
You kill the orc!
The blast of energy engulfs Saint Roka!!
The blast of energy engulfs the fire elemental!!!
You destroy the fire elemental!
The blast of energy engulfs the fire elemental!!
The blast of energy engulfs the hell hound!!
You hear a howl!
You hear a shout!
HP[+2]
You regained 2 hp, and now have 55/113 hp.
Casting: Iskenderun's Mystic Blast (safe; 1% risk of failure)
Confirm with . or Enter, or press ? or * to list all spells.
Aiming: Fulminant Prism (safe; 1% risk of failure)
Press: ? - help, Dir - move target You can't see any item there.
You conjure a prism of explosive energy!
* * * LOW HITPOINT WARNING * * *
A fulminant prism comes into view.
You hear a grinding noise.
An orc warrior comes into view. It is wielding a +0 dire flail.
The fire elemental closely misses you.
Saint Roka calls down the wrath of Beogh upon you.
Beogh smites you!
* * * LOW HITPOINT WARNING * * *
HP[-14]
You take 14 damage, and now have 41/113 hp.
Casting: Fulminant Prism (safe; 1% risk of failure)
Confirm with . or Enter, or press ? or * to list all spells.
You erupt in a blast of force!
The mystic blast hits the fire elemental.
You destroy the fire elemental!
The mystic blast hits the hell hound!
You kill the hell hound!
* * * LOW HITPOINT WARNING * * *
An orc priest comes into view. It is wielding a +0 hand axe.
Your fulminant prism crackles loudly.
HP[-2]
You take 2 damage, and now have 39/113 hp.
Saint Roka invokes the aid of Beogh against you.
Beogh smites you!
* * * LOW HITPOINT WARNING * * *
The blast of energy engulfs Saint Roka!!
The blast of energy engulfs the orc priest!!
You kill the orc priest!
The blast of energy engulfs the fire elemental!
You hear a shout!
HP[-12]
You take 12 damage, and now have 27/113 hp.
Casting: Iskenderun's Mystic Blast (safe; 1% risk of failure)
Confirm with . or Enter, or press ? or * to list all spells.
Aiming: Fulminant Prism (safe; 1% risk of failure)
Press: ? - help, Dir - move target You conjure a prism of explosive energy!
* * * LOW HITPOINT WARNING * * *
A fulminant prism comes into view.
An orc knight comes into view. It is wielding a +0 battleaxe.
The fire elemental closely misses you.
HP[-3]
You take 3 damage, and now have 24/113 hp.
Casting: Fulminant Prism (safe; 1% risk of failure)
Confirm with . or Enter, or press ? or * to list all spells.
You erupt in a blast of force!
The mystic blast hits Saint Roka but does no damage.
The mystic blast hits the fire elemental!!
The fire elemental is knocked back by the mystic blast.
* * * LOW HITPOINT WARNING * * *
An orc warrior comes into view. It is wielding a +2 mace of holy wrath.
An orc warrior comes into view. It is wielding a +0 battleaxe.
A warg comes into view.
Your fulminant prism crackles loudly.
HP[-2]
You take 2 damage, and now have 22/113 hp.
Casting: Iskenderun's Mystic Blast (safe; 1% risk of failure)
Confirm with . or Enter, or press ? or * to list all spells.
You erupt in a blast of force!
The mystic blast hits Azrael!
Azrael is knocked back by the mystic blast.
The mystic blast hits Saint Roka!!
Saint Roka is knocked back by the mystic blast.
The mystic blast hits the fire elemental!
You destroy the fire elemental!
* * * LOW HITPOINT WARNING * * *
The orc warrior no longer looks unusually strong. x2
Azrael gestures at you.
The sphere of damnation explodes!
The damnation engulfs you!!
You die...

Skill      XL: |  1  2  3  4  5  6  7  8  9 10 11 12 13 14 15 |
---------------+----------------------------------------------+-----
Stealth        | 2 3 4 5 6 |  6.7
Fighting       | 1 3 4 5 7 8 9 11 12 | 12.9
Dodging        | 3 4 5 6 8 10 11 12 13 | 13.1
Spellcasting   | 4 6 7 8 10 11 12 13 14 | 14.6
Armour         | 3 5 7 |  7.2

Action                   |  1- 3 |  4- 6 |  7- 9 | 10-12 | 13-15 || total
-------------------------+-------+-------+-------+-------+-------++-------
Melee: Club              |     2 |       |       |       |       ||     2
       Dagger            |       |       |    11 |       |       ||    11
       Punch             |       |       |     1 |     1 |       ||     2
       Whip              |       |       |    18 |     2 |       ||    20
       Falchion          |       |       |       |    53 |     4 ||    57
       Demon whip        |       |       |       |       |     7 ||     7
 Cast: Magic Dart        |    74 |   135 |    80 |   118 |   443 ||   850
       Searing Ray       |     6 |    12 |    26 |    45 |     4 ||    93
       Dazzling Flash    |     1 |       |    10 |     2 |       ||    13
       Fulminant Prism   |       |       |    14 |   112 |   135 ||   261
       Ozocubu's Armour  |       |       |     1 |       |     2 ||     3
       Iskenderun's Myst |       |       |       |    42 |   110 ||   152
       Iskenderun's Batt |       |       |       |       |    74 ||    74
       Dispersal         |       |       |       |       |     2 ||     2
  Use: Scroll            |     1 |     6 |     5 |    13 |     8 ||    33
       Potion            |       |       |       |       |     5 ||     5
 Stab: Invisible         |       |       |     3 |     1 |       ||     4
       Distracted        |       |       |     1 |       |       ||     1
Armor: Robe              |     5 |    17 |    20 |       |       ||    42
       Leather armour    |       |       |    15 |    54 |       ||    69
       Acid dragon scale |       |       |       |     8 |       ||     8
       Troll leather arm |       |       |       |    25 |   150 ||   175
Dodge: Dodged            |    19 |    39 |    90 |   229 |   287 ||   664

Levels and vault maps discovered:
D:1:      minmay_arrival_four_circles, layout_basic,
          ebering_ecumenical_altar_ruins
D:2:      layout_rooms, kennysheep_generic_room_7, uniq_terence
D:3:      layout_rooms, gammafunk_ghost_mausoleum
D:4:      layout_loops_ring, minmay_temple_entry_overgrown
D:5:      layout_basic, cheibriados_altar_1, cheibrodos_ashenzari_chains,
          uniq_ijyb, uniq_edmund
D:6:      layout_loops_ring, lemuel_zombie_altar_yredelemnul,
          minmay_quadrilaterals, uniq_pikel
D:7:      layout_basic, grunt_temple_overflow_open, serial_rivers,
          chequers_serial_rivers_small_b, chequers_serial_rivers_small_b,
          chequers_serial_rivers_room_b, chequers_serial_rivers_room_b,
          chequers_serial_rivers_micro_c
D:8:      layout_loops_corners, item_on_display_a, uniq_maurice
D:9:      layout_roguey, kennysheep_vampire_church, tso_oasis_becter,
          orc_0_dummy, special_room [special_room_bee], billiards_dpeg
D:10:     layout_cave_pods, mainiacjoe_overflow_alcove_2,
          nicolae_vehumet_radiance, serial_shops, nicolae_shop_hallway_stairs,
          nicolae_shop_gadgets
D:11:     layout_big_octagon, lair_entry_dummy, minmay_shop_enchanted_jewellery,
          amethyst_killhole
D:12:     layout_irregular_city, ebering_ghost_gozag, nicolae_zen_rock_garden,
          minmay_between
D:13:     layout_rooms, david_vaults_5
D:14:     layout_loops_cross, kennysheep_cross_room, zin_scriptorium,
          uniq_nessos
Temple:   compressed_dpeg_triangle_lava_temple
Lair:1:   layout_chaotic_city, basic_altar, uniq_grum
Lair:2:   layout_cave_pods, nicolae_lair_run_with_the_wolves
Lair:3:   layout_cave_pods, elwin_shoals_entry_rooms,
          spider_nest_entry_web_field, special_room [special_room_mythical_zoo],
          uniq_amaemon
Lair:4:   layout_big_grid, nzn_random_ring
Lair:5:   hellmonk_lair_end_abyssal_woods, layout_cave_pods, slime_entry_1,
          grunt_megastairs_3, serial_bayou_shore_b
Slime:1:  layout_caves
Slime:2:  layout_caves
Slime:3:  layout_caves
Slime:4:  layout_caves, basic_altar
Orc:1:    layout_diamond_mine, basic_altar
Orc:2:    grunt_orc_gardens, layout_diamond_mine, grunt_orc_garden,
          grunt_orc_garden, grunt_orc_garden, grunt_orc_garden,
          guppyfry_orc_lava_fort, uniq_saint_roka, uniq_jorgrun, uniq_azrael

Notes
Turn   | Place    | Note
-------+----------+-------------------------------------------
     0 | D:1      | zeratav the Djinni Conjurer began the quest for the Orb.
     0 | D:1      | zeratav set off with the following spells memorised: Magic
                  | Dart, Searing Ray, Dazzling Flash, Fulminant Prism,
                  | Iskenderun's Mystic Blast.
     0 | D:1      | Reached XP level 1. HP: 15/15 MP: 0/0
     0 | D:1      | magus.rc [v1.9.6]
    85 | D:1      | Reached skill level 2 in Stealth
   202 | D:1      | Reached XP level 2. HP: 19/21 MP: 0/0
   771 | D:1      | Reached XP level 3. HP: 24/25 MP: 0/0
   771 | D:1      | Learned a level 1 spell: Apportation
  1058 | D:1      | Found a faded altar of an unknown god.
  1139 | D:2      | Reached skill level 3 in Stealth
  1637 | D:2      | Noticed Terence
  1652 | D:2      | HP: 3/25 [Terence/+0 mace (4)]
  1659 | D:2      | HP: 2/25 [Terence/+0 mace (4)]
  1674 | D:2      | Killed Terence
  1675 | D:2      | Reached XP level 4. HP: 18/31 MP: 0/0
  1747 | D:2      | Reached skill level 4 in Stealth
  1858 | D:2      | Reached XP level 5. HP: 34/35 MP: 0/0
  1858 | D:2      | Learned a level 2 spell: Ensorcelled Hibernation
  2110 | D:3      | Found a transporter.
  2228 | D:3      | Reached skill level 5 in Stealth
  2305 | D:3      | Found a transporter.
  2305 | D:3      | Noticed xian's ghost (amateur DjGl)
  2328 | D:3      | Reached XP level 6. HP: 41/41 MP: 0/0
  2615 | D:4      | Noticed an ogre
  2733 | D:4      | Found a staircase to the Ecumenical Temple.
  2743 | Temple   | Entered the Ecumenical Temple
  3440 | D:4      | Reached skill level 1 in Fighting
  3495 | D:4      | Reached skill level 3 in Dodging
  3616 | D:5      | Entered Level 5 of the Dungeon
  3616 | D:5      | Noticed Edmund
  3717 | D:5      | Reached skill level 4 in Spellcasting
  3717 | D:5      | Reached XP level 7. HP: 47/48 MP: 0/0
  3717 | D:5      | Learned a level 3 spell: Spider Form
  3876 | D:5      | Found a snail-covered altar of Cheibriados.
  3895 | D:5      | Found a broken altar of Ashenzari.
  3915 | D:5      | Reached skill level 2 in Fighting
  3949 | D:5      | Noticed Ijyb
  4293 | D:6      | Noticed a steam dragon
  4302 | D:6      | Killed a steam dragon
  4303 | D:6      | Reached skill level 3 in Fighting
  4303 | D:6      | Reached skill level 4 in Dodging
  4303 | D:6      | Reached XP level 8. HP: 38/56 MP: 0/0
  4376 | D:6      | Reached skill level 5 in Spellcasting
  4554 | D:6      | Got the Handbook of Forms and Conflagration
  4592 | D:6      | Noticed Pikel
  4621 | D:6      | Killed Pikel
  4622 | D:6      | Reached skill level 4 in Fighting
  4622 | D:6      | Reached skill level 5 in Dodging
  4622 | D:6      | Reached skill level 6 in Spellcasting
  4622 | D:6      | Reached XP level 9. HP: 32/63 MP: 0/0
  4622 | D:6      | Learned a level 3 spell: Ozocubu's Armour
  4769 | D:6      | Found a basalt altar of Yredelemnul.
  4883 | D:6      | Reached skill level 6 in Dodging
  4895 | D:6      | Reached skill level 5 in Fighting
  5439 | D:7      | Reached skill level 7 in Spellcasting
  5452 | D:7      | Reached XP level 10. HP: 30/72 MP: 0/0
  5530 | D:7      | Reached skill level 7 in Dodging
  5644 | D:7      | Reached skill level 6 in Fighting
  6047 | D:7      | Found a hazy altar of Hepliaklqana.
  6051 | D:7      | Found a sparkling altar of Nemelex Xobeh.
  6302 | D:8      | Reached skill level 8 in Spellcasting
  6919 | D:8      | Noticed Maurice
  7363 | D:9      | Found a staircase to the Orcish Mines.
  7473 | D:9      | Reached skill level 8 in Dodging
  7535 | D:9      | Reached skill level 7 in Fighting
  7676 | D:9      | Reached XP level 11. HP: 66/79 MP: 0/0
  7676 | D:9      | Learned a level 4 spell: Anguish
  7684 | D:9      | Reached skill level 9 in Spellcasting
  7851 | D:9      | Reached skill level 8 in Fighting
  7901 | D:9      | Reached skill level 1 in Armour
  8197 | D:9      | Found a glowing golden altar of the Shining One.
  8326 | D:9      | Reached skill level 2 in Armour
  8389 | D:10     | Entered Level 10 of the Dungeon
  8426 | D:10     | Reached skill level 10 in Spellcasting
  8537 | D:10     | Found Uweygh's Gadget Gallery.
  8675 | D:10     | Found Vom Kise's Book Shoppe.
  8908 | D:10     | Reached skill level 3 in Armour
  9139 | D:10     | Found a stormy altar of Qazlal.
  9438 | D:11     | Found a staircase to the Lair.
  9440 | D:11     | Noticed a seven-headed hydra
  9483 | D:11     | Noticed a cyclops
  9485 | D:11     | Reached XP level 12. HP: 78/88 MP: 0/0
  9495 | D:11     | Reached skill level 9 in Dodging
  9502 | D:11     | Noticed a boulder beetle
  9627 | D:11     | Killed a boulder beetle
  9628 | D:11     | Reached skill level 9 in Fighting
  9692 | D:11     | Noticed a boulder beetle
  9704 | D:11     | Reached skill level 4 in Armour
  9706 | D:11     | Killed a boulder beetle
  9804 | D:11     | Found Atrocircho's Jewellery Shoppe.
  9816 | D:11     | Killed a seven-headed hydra
  9824 | D:11     | Noticed a boulder beetle
  9849 | D:11     | Killed a boulder beetle
  9892 | D:11     | You are sucked into a shaft and drop 3 floors!
  9911 | D:13     | Noticed a skeletal warrior
  9914 | D:13     | Noticed a skeletal warrior
  9921 | D:12     | HP: 20/90 [centaur/arrow (3)]
  9927 | D:12     | HP: 17/90 [centaur/arrow (6)]
  9932 | D:12     | HP: 19/90 [centaur (3)]
  9933 | D:12     | Reached skill level 11 in Spellcasting
 10326 | Lair:1   | Entered Level 1 of the Lair of Beasts
 10346 | Lair:1   | Reached skill level 5 in Armour
 10459 | Lair:1   | Noticed Grum
 10466 | Lair:1   | Reached skill level 10 in Dodging
 10471 | Lair:1   | Killed Grum
 10499 | Lair:1   | Found a blossoming altar of Fedhas.
 10729 | Lair:1   | Reached XP level 13. HP: 96/96 MP: 0/0
 10729 | Lair:1   | Learned a level 5 spell: Iskenderun's Battlesphere
 10745 | Lair:1   | Noticed an eight-headed hydra
 10756 | Lair:1   | Killed an eight-headed hydra
 10894 | Lair:1   | Reached skill level 10 in Fighting
 11787 | Lair:2   | Reached skill level 12 in Spellcasting
 12048 | Lair:3   | Reached skill level 11 in Dodging
 12432 | Lair:3   | Noticed a five-headed hydra
 12435 | Lair:3   | Reached skill level 11 in Fighting
 12440 | Lair:3   | Killed a five-headed hydra
 12555 | Lair:3   | Noticed a seven-headed hydra
 12560 | Lair:3   | Found a staircase to the Shoals.
 12580 | Lair:3   | Noticed Amaemon
 12589 | Lair:3   | Killed a seven-headed hydra
 12590 | Lair:3   | Reached XP level 14. HP: 88/105 MP: 0/0
 12596 | Lair:3   | Killed Amaemon
 12661 | Lair:3   | Found a hole to the Spider Nest.
 13032 | Lair:3   | Reached skill level 12 in Dodging
 13032 | Lair:3   | Reached skill level 13 in Spellcasting
 13540 | Lair:4   | Reached skill level 12 in Fighting
 14267 | Lair:5   | Entered Level 5 of the Lair of Beasts
 14325 | Lair:5   | Reached XP level 15. HP: 102/112 MP: 0/0
 14325 | Lair:5   | Learned a level 6 spell: Dispersal
 14374 | Lair:5   | Reached skill level 14 in Spellcasting
 14617 | Lair:5   | Reached skill level 6 in Armour
 14652 | Lair:5   | Found a staircase to the Slime Pits.
 15087 | Lair:5   | Reached skill level 6 in Stealth
 15100 | Lair:5   | Upgraded the game from 0.29-a0-923-g6e406bff71 to
                  | 0.29-a0-925-g0a7a3d12f8
 15100 | Lair:5   | magus.rc [v1.9.6]
 15475 | Lair:5   | Found a corrupted altar of Lugonu.
 15476 | Lair:5   | Found a one-way gate to the infinite horrors of the Abyss.
 15494 | Lair:5   | Got Sif Muna's Codex of Stormy Curses
 15997 | Slime:1  | Entered Level 1 of the Pits of Slime
 16065 | Slime:1  | Noticed an acid blob
 16080 | Slime:1  | Killed an acid blob
 16431 | Slime:2  | Noticed an acid blob
 16439 | Slime:2  | HP: 20/113 [acid blob (39)]
 16441 | Slime:2  | Killed an acid blob
 16442 | Slime:2  | Reached skill level 7 in Armour
 16442 | Slime:2  | Reached skill level 13 in Dodging
 16496 | Slime:2  | Noticed a quicksilver ooze
 16548 | Slime:2  | Noticed an acid blob
 16554 | Slime:3  | Noticed a quicksilver ooze
 16554 | Slime:3  | Noticed an azure jelly
 16554 | Slime:3  | Noticed an acid blob
 16560 | Slime:3  | Gained mutation: You occasionally lose the ability to read
                  | scrolls when taking damage. [a shining eye]
 16562 | Slime:3  | Gained mutation: Your spells are a little easier to cast,
                  | but a little less powerful. [a shining eye]
 16563 | Slime:4  | Noticed an acid blob
 16567 | Slime:4  | HP: 18/113 [acid blob/splash of acid (13)]
 16570 | Slime:4  | Killed a quicksilver ooze
 16572 | Slime:4  | HP: 4/113 [acid blob/splash of acid (27)]
 16576 | Slime:4  | Found a viscous altar of Jiyva.
 16584 | Slime:4  | Became a worshipper of Jiyva Jaykkedo the Shapeless
 16747 | Slime:3  | Noticed an acid blob
 16787 | Slime:3  | Noticed an acid blob
 16982 | Slime:1  | Noticed an acid blob
 17003 | Slime:1  | Noticed an acid blob
 17140 | Slime:2  | Noticed an acid blob
 17316 | Slime:2  | Noticed an acid blob
 17437 | Lair:5   | Lost mutation: You occasionally lose the ability to read
                  | scrolls when taking damage. [potion of mutation]
 17437 | Lair:5   | Lost mutation: Your spells are a little easier to cast, but
                  | a little less powerful. [potion of mutation]
 17437 | Lair:5   | Gained mutation: You have hidden genetic defects. [potion
                  | of mutation]
 17437 | Lair:5   | Gained mutation: You are partially covered in iridescent
                  | scales. (AC +2) [potion of mutation]
 17588 | Orc:1    | Entered Level 1 of the Orcish Mines
 17909 | Orc:2    | Entered Level 2 of the Orcish Mines
 17938 | Orc:2    | Noticed Saint Roka
 17947 | Orc:2    | Noticed Azrael
 17951 | Orc:2    | HP: 27/113 [Saint Roka/divine providence (14)]
 17954 | Orc:2    | Killed from afar by Azrael

Vanquished Creatures
  2 acid blobs
  A quicksilver ooze (Slime:4)
  3 boulder beetles (D:11)
  9 hydras
  7 death yaks (Lair:4)
  2 thrashing horrors (Lair:5)
  Amaemon (Lair:3)
  A fire crab (shapeshifter) (Lair:5)
  An orc knight (Orc:1)
  A wolf spider (Lair:2)
  Pikel (D:6)
  A lindwurm (Lair:5)
  2 large abominations (Lair:5)
  An orc sorcerer (Orc:1)
  An oklob plant (Lair:5)
  3 ugly things (Lair:5)
  A cyclops (D:11)
  A salamander (shapeshifter) (Lair:5)
  14 elephants
  2 torpor snails
  6 black mambas
  14 cane toads
  A smoke demon (Lair:5)
  An orange demon (Lair:3)
  A kobold demonologist (D:9)
  8 rime drakes
  9 komodo dragons
  3 merfolk (Lair:3)
  A queen bee (D:9)
  2 ancient zymes (Lair:5)
  5 trolls
  A meliai (D:13)
  A hornet (D:9)
  3 polar bears
  8 slime creatures (Slime:1)
  21 blink frogs
  6 dream sheep (Lair:5)
  A shadow (D:10)
  A spriggan (Lair:5)
  2 ynoxinuls (Lair:5)
  2 wraiths
  43 yaks
  4 fire elementals (Orc:2)
  12 wyverns
  12 basilisks
  13 vampire mosquitoes
  Grum (Lair:1)
  3 steam dragons
  A warg (Orc:2)
  2 hell hounds (Orc:2)
  An acid dragon (D:10)
  11 water moccasins
  13 orc warriors
  2 sky beasts
  An ice beast (shapeshifter) (Lair:5)
  An ice beast (D:7)
  2 black bears
  9 centaurs
  3 ogres
  32 wolves
  2 lemures (D:6)
  11 kobold brigands
  3 phantoms
  16 bullfrogs
  A necrophage (D:7)
  A scorpion (D:6)
  13 wights
  9 small abominations (Lair:5)
  38 killer bees
  A howler monkey (D:9)
  2 vampire bats (D:9)
  6 hounds
  2 jellies
  A centaur zombie (D:6)
  11 orc priests
  A gnoll bouda (D:6)
  2 iguanas (D:5)
  Terence (D:2)
  15 orc wizards
  4 hell rats (Lair:3)
  A killer bee zombie (D:6)
  8 gnolls
  10 adders
  A shadow imp (D:5)
  3 white imps
  5 worms
  5 dart slugs
  33 orcs
  5 bats
  2 bat skeletons (D:9)
  3 bat zombies (D:9)
  7 endoplasms
  4 giant cockroaches
  6 goblins
  4 hobgoblins
  6 jackals
  40 kobolds
  5 quokkas
  9 ball pythons
  2 frilled lizards
  11 rats
  4 fulminant prisms
632 creatures vanquished.

Vanquished Creatures (others)
  256 fulminant prisms
  33 fungi
  32 plants
321 creatures vanquished.

Grand Total: 953 creatures vanquished

Table legend:
 A = Non-vault XP
 B = Vault XP
 C = Vault XP percentage of total XP
 D = Non-vault monster count
 E = Vault monster count
 F = Vault count percentage of total count
                 A         B        C        D         E       F
            +---------+---------+-------+---------+---------+-------
      Total |   74574 |   32216 |  30.2 |     470 |     156 |  24.9
            +---------+---------+-------+---------+---------+-------
        D:1 |      34 |       0 |   0.0 |      20 |       0 |   0.0
        D:2 |      82 |      52 |  38.8 |      30 |       3 |   9.1
        D:3 |     120 |       0 |   0.0 |      30 |       0 |   0.0
        D:4 |     189 |       0 |   0.0 |       6 |       0 |   0.0
        D:5 |     431 |       0 |   0.0 |      11 |       0 |   0.0
        D:6 |    1349 |     969 |  41.8 |      27 |      10 |  27.0
        D:7 |    1600 |       0 |   0.0 |      24 |       0 |   0.0
        D:8 |    1378 |       0 |   0.0 |      28 |       0 |   0.0
        D:9 |    3538 |    2153 |  37.8 |      42 |      36 |  46.2
       D:10 |    3296 |       0 |   0.0 |      32 |       0 |   0.0
       D:11 |    6971 |       0 |   0.0 |      28 |       0 |   0.0
       D:12 |     636 |       0 |   0.0 |       4 |       0 |   0.0
       D:13 |     297 |       0 |   0.0 |       1 |       0 |   0.0
     Lair:1 |    5051 |     529 |   9.5 |      23 |       4 |  14.8
     Lair:2 |    4502 |    1536 |  25.4 |      18 |       9 |  33.3
     Lair:3 |   10168 |    7861 |  43.6 |      34 |      30 |  46.9
     Lair:4 |   12289 |    6132 |  33.3 |      38 |      15 |  28.3
     Lair:5 |   13408 |   11236 |  45.6 |      40 |      34 |  45.9
    Slime:1 |    4017 |       0 |   0.0 |       9 |       0 |   0.0
    Slime:2 |    1523 |       0 |   0.0 |       1 |       0 |   0.0
    Slime:4 |    1103 |       0 |   0.0 |       1 |       0 |   0.0
      Orc:1 |    2471 |       0 |   0.0 |      22 |       0 |   0.0
      Orc:2 |     121 |    1748 |  93.5 |       1 |      15 |  93.8
            +---------+---------+-------+---------+---------+-------

Illustrated notes

Table legend:
 A = Kills in this place as a percentage of kills in entire the game.
 B = Kills by you in this place as a percentage of kills by you in the entire game.
 C = Kills by friends in this place as a percentage of kills by friends in the entire game.
 D = Other kills in this place as a percentage of other kills in the entire game.
 E = Experience gained in this place as a percentage of experience gained in the entire game.
 F = Experience gained in this place divided by the number of levels of this place that you have seen.
                   A       B       C       D       E      F
               +-------+-------+-------+-------+-------+----------------------
         Total | 100.0 | 100.0 |   N/A |   N/A | 100.0 | 4107.3
       Dungeon |  53.0 |  53.0 |   N/A |   N/A |  21.6 | 1649.6
          Lair |  39.1 |  39.1 |   N/A |   N/A |  68.1 | 14542.4
    Slime Pits |   1.8 |   1.8 |   N/A |   N/A |   6.2 | 1660.8
  Orcish Mines |   6.1 |   6.1 |   N/A |   N/A |   4.1 | 2170.0
               +-------+-------+-------+-------+-------+----------------------

Table legend: (Time is in decaauts)
 A = Elapsed time spent in this place.
 B = Non-inter-level travel time spent in this place.
 C = Inter-level travel time spent in this place.
 D = Time resting spent in this place.
 E = Time spent auto-exploring this place.
 F = Levels seen in this place.
 G = Mean time per level.
                   A        B        C        D        E       F      G
               +--------+--------+--------+--------+--------+-----+--------+
         Total |  17972 |  16930 |   1042 |   1258 |  11772 |  26 |  691.2 |
       Dungeon |  10110 |   9631 |    479 |    612 |   6985 |  14 |  722.1 |
        Temple |    300 |    272 |     28 |      0 |    263 |   1 |  300.0 |
          Lair |   5772 |   5508 |    264 |    465 |   3471 |   5 | 1154.4 |
    Slime Pits |   1423 |   1204 |    219 |    147 |    874 |   4 |  355.8 |
  Orcish Mines |    366 |    315 |     51 |     34 |    179 |   2 |  183.0 |
               +--------+--------+--------+--------+--------+-----+--------+

Top non-repeatable levels by time:
  Lair:5: 1750 daAuts
    D:10: 1290 daAuts
  Lair:3: 1227 daAuts
     D:1: 1134 daAuts
  Lair:2: 1115 daAuts
     D:8: 1109 daAuts
     D:6: 1084 daAuts
     D:9: 1046 daAuts
     D:2: 975 daAuts
  Lair:4: 932 daAuts
     D:7: 907 daAuts
     D:4: 783 daAuts
  Lair:1: 746 daAuts
 Slime:1: 666 daAuts
     D:5: 649 daAuts
